 Dungeon Crawl Stone Soup version 0.25.1-2-g60ff931df9 (webtiles) character file.

Game seed: 10473003881076282923

1810 Exodus22XD the Poker (level 8, -5/61 HPs)
             Began as a Demonspawn Gladiator on Nov 7, 2020.
             Was a Believer of Yredelemnul.
             Slain by an orc warrior
             ... wielding a +0 mace
              (8 damage)
             ... on level 6 of the Dungeon.
             The game lasted 00:08:25 (6101 turns).

Exodus22XD the Poker (Demonspawn Gladiator)         Turns: 6101, Time: 00:08:26

Health: -5/61      AC:  9    Str: 23    XL:     8   Next: 84%
Magic:  12/12      EV: 16    Int:  9    God:    Yredelemnul [**....]
Gold:   254        SH:  0    Dex: 15    Spells: 7/7 levels left

rFire    . . .     SeeInvis .   a - +0 trident
rCold    + + .     Gourm    .   (no shield)
rNeg     . . .     Faith    .   w - +0 ring mail
rPois    .         Spirit   .   c - +0 helmet
rElec    +         Reflect  .   y - +0 cloak
rCorr    .         Harm     .   j - +0 pair of gloves
MR       .....                  (no boots)
Stlth    +.........             x - amulet of regeneration
HPRegen  0.60/turn              o - +6 ring of strength
MPRegen  0.13/turn              B - ring of protection from cold

@: mighty, marked, flying, hasted, very quick
A: repulsion field 2, cold resistance 1, electricity resistance
a: Animate Remains, Recall Undead Slaves, Injury Mirror, Renounce Religion


You were on level 6 of the Dungeon.
You worshipped Yredelemnul.
Yredelemnul was pleased with you.
You were not hungry.

You visited 1 branch of the dungeon, and saw 6 of its levels.

You collected 254 gold pieces.

Inventory:

Hand Weapons
 a - a +0 trident (weapon)
Missiles
 d - 3 throwing nets (quivered)
Armour
 b - a +0 leather armour
 c - a +0 helmet (worn)
 j - a +0 pair of gloves (worn)
 w - a +0 ring mail (worn)
 y - a +0 cloak (worn)
Jewellery
 o - a +6 ring of strength (left hand)
 r - an uncursed ring of fire {unknown}
 x - an amulet of regeneration (around neck)
 B - a ring of protection from cold (right hand)
Wands
 g - a wand of flame (39)
 s - a wand of acid (9)
Scrolls
 e - 2 scrolls of magic mapping {unknown}
 h - 7 scrolls of teleportation {unknown}
 m - 2 scrolls of enchant weapon {unknown}
 p - 7 scrolls of identify {unknown}
 v - 2 scrolls of blinking {unknown}
 z - a scroll of random uselessness {unknown}
 A - 3 scrolls of enchant armour {unknown}
 C - a scroll of remove curse {unknown}
 D - a scroll of brand weapon {unknown}
 F - a scroll of amnesia {unknown}
Potions
 i - a potion of flight
 k - a potion of invisibility {unknown}
 l - 2 potions of haste
 n - a potion of curing {unknown}
 q - a potion of heal wounds {unknown}
 t - 2 potions of mutation
 u - a potion of might
 E - a potion of resistance {unknown}
 G - a potion of brilliance {unknown}
Comestibles
 f - 17 rations


   Skills:
 + Level 4.5 Fighting
 + Level 7.2 Polearms
 - Level 1.7 Throwing
 + Level 3.8 Armour
 + Level 4.5 Dodging
 - Level 0.4 Stealth
 * Level 6.2 Invocations


You had 7 spell levels left.
You didn't know any spells.
Your spell library was empty.

Dungeon Overview and Level Annotations

Branches:
Dungeon (6/15)             Temple (0/1) D:5

Altars:
Cheibriados
Elyvilon
Okawaru
Yredelemnul
Zin
The Shining One

Annotations:
D:6 1 runed translucent door, Blork the orc; Grinder; kalagan's ghost, novice GrFi


Innate Abilities, Weirdness & Mutations

You are surrounded by a moderate repulsion field. (EV +3)
Your flesh is cold resistant. (rC+)
You are resistant to electric shocks. (rElec)


Message History

You feel insulated.
You feel resistant to cold.
Blork the orc comes into view.
He is wielding a +2 mace of protection.
The orc priest miscasts a cantrip.
The orc warrior misses you.
Okay, then.
It was a potion of haste.
You feel yourself speed up.
The orc priest mumbles some strange prayers to Beogh against you.
Pain shoots through your body!
* * * LOW HITPOINT WARNING * * *
Grinder blinks!
The orc warrior misses you.
It was a potion of might.
You feel very mighty all of a sudden.
The orc priest begins to cast a cantrip, but forgets the words!
Blork the orc screams, "I don't like you!"
It was a potion of flight.
You feel very buoyant.
You fly up into the air.
The orc warrior hits you with a +0 mace!
You die...
Your body rises from the dead as a mindless zombie.

#.#.## #.)..##
#..#..#
####.....###.
+........>...
####...#.###.
####.s.>o5..<
#...oo##o####
#.###o##@#
#.###.##o#
##.....##o#
#..###..oo#
#..##⌠##..##
...##...##..#
.#.##..!..##.#
...+...♣..⌠#.#
#..##..%..##.#


You could see Grinder, Blork the orc, an orc warrior, an orc priest, an orc
wizard and 2 orcs.

Vanquished Creatures
  Pikel (D:4)
  Sigmund (D:4)
  A hungry ghost (D:6)
  An ice beast (D:5)
  A phantom (D:3)
  3 ogres
  A centaur (D:4)
  A scorpion (D:4)
  Crazy Yiuf (D:3)
  3 hounds (D:4)
  Jessica (D:3)
  4 iguanas
  2 worker ants
  Robin (D:3)
  6 adders
  2 oozes
  A worm (D:4)
  7 dart slugs
  3 leopard geckos
  5 orcs
  9 giant cockroaches
  11 goblins
  11 hobgoblins
  15 jackals
  A quokka (D:3)
  4 ball pythons
  10 bats
  5 frilled lizards
  A giant cockroach zombie (D:5)
  7 kobolds
  A leopard gecko skeleton (D:4)
  10 rats
131 creatures vanquished.

Notes
Turn   | Place    | Note
-------+----------+-------------------------------------------
     0 | D:1      | Exodus22XD the Demonspawn Gladiator began the quest for the
                  | Orb.
     0 | D:1      | Reached XP level 1. HP: 16/16 MP: 1/1
   299 | D:1      | Gained mutation: You are surrounded by a mild repulsion
                  | field. (EV +2) [demonic ancestry]
   299 | D:1      | Reached XP level 2. HP: 16/22 MP: 2/2
   302 | D:1      | Reached skill level 3 in Polearms
   700 | D:1      | Reached XP level 3. HP: 27/27 MP: 3/3
  1802 | D:2      | Found a basalt altar of Yredelemnul.
  1842 | D:2      | Became a worshipper of Yredelemnul the Dark
  2210 | D:2      | Reached skill level 1 in Armour
  2210 | D:2      | Reached XP level 4. HP: 34/34 MP: 4/4
  2716 | D:3      | Noticed Jessica
  2723 | D:3      | Killed Jessica
  2723 | D:3      | Reached skill level 1 in Invocations
  2744 | D:3      | Reached * piety under Yredelemnul
  2792 | D:3      | Gained mutation: You are surrounded by a moderate repulsion
                  | field. (EV +3) [demonic ancestry]
  2792 | D:3      | Reached XP level 5. HP: 22/39 MP: 6/6
  3412 | D:3      | Noticed Robin
  3414 | D:3      | Reached skill level 4 in Polearms
  3448 | D:3      | Killed Robin
  3550 | D:3      | Reached ** piety under Yredelemnul
  3574 | D:3      | Found a runed translucent door.
  3575 | D:3      | Noticed Crazy Yiuf
  3885 | D:3      | Killed Crazy Yiuf
  4012 | D:4      | Noticed a phantom
  4063 | D:3      | Killed a phantom
  4063 | D:3      | Reached XP level 6. HP: 34/47 MP: 6/8
  4085 | D:4      | Found a snail-covered altar of Cheibriados.
  4153 | D:4      | Noticed Sigmund
  4204 | D:4      | Killed Sigmund
  4204 | D:4      | Reached XP level 7. HP: 27/52 MP: 9/9
  4273 | D:4      | Reached skill level 5 in Polearms
  4569 | D:4      | Found an iron altar of Okawaru.
  4687 | D:4      | Noticed Pikel
  4727 | D:4      | Killed Pikel
  4727 | D:4      | Reached skill level 6 in Polearms
  4727 | D:4      | Reached skill level 5 in Invocations
  4727 | D:4      | Reached XP level 8. HP: 57/60 MP: 11/11
  5036 | D:5      | Entered Level 5 of the Dungeon
  5168 | D:5      | Found a white marble altar of Elyvilon.
  5169 | D:5      | Found a glowing silver altar of Zin.
  5172 | D:5      | Found a glowing golden altar of the Shining One.
  5236 | D:5      | Found a staircase to the Ecumenical Temple.
  5746 | D:5      | Reached skill level 7 in Polearms
  6050 | D:6      | Found a runed translucent door.
  6050 | D:6      | Noticed kalagan's ghost (novice GrFi)
  6097 | D:6      | Noticed Grinder
  6098 | D:6      | Gained mutation: You are resistant to electric shocks.
                  | (rElec) [potion of mutation]
  6098 | D:6      | Gained mutation: Your flesh is cold resistant. (rC+)
                  | [potion of mutation]
  6098 | D:6      | Noticed Blork the orc
  6099 | D:6      | HP: 3/61 [orc priest/nerve-wracking pain (8)]
  6101 | D:6      | Slain by an orc warrior

Illustrated notes

Levels and vault maps discovered:
D:1:      dpeg_arrival_rooms_a, layout_basic
D:2:      layout_basic, yredelemnul_altar_generic
D:3:      layout_basic, uniq_robin, uniq_jessica, uniq_crazy_yiuf_cottage
D:4:      layout_loops_ring, kennysheep_slug_shrine, okawaru_metal_pillars_1_2,
          first_ration, uniq_pikel, uniq_sigmund
D:5:      layout_cave_pods, good_gods_temple_1, minmay_temple_entry_mini_moons,
          st_stairs_12, palyth_stone_intersect
D:6:      layout_loops_corners, vehumet_crystals, lemuel_round_altar,
          minitemple, hellmonk_ghost_happy_afterlife, nicolae_underground_beach,
          uniq_grinder, uniq_menkaure, uniq_blork_the_orc

Skill      XL: |  1  2  3  4  5  6  7  8 |
---------------+-------------------------+-----
Polearms       | 3 4 6 7 |  7.2
Dodging        | 3 4 |  4.5
Armour         | 1 2 3 |  3.8
Invocations    | 1 2 3 5 6 |  6.2
Fighting       | 3 4 |  4.5
Throwing       | |  1.7
Stealth        | |  0.4

Action                   |  1- 3 |  4- 6 |  7- 9 || total
-------------------------+-------+-------+-------++-------
Melee: Trident           |   172 |   224 |   207 ||   603
Invok: Injury Mirror     |       |     1 |       ||     1
Evoke: Wand              |       |     1 |       ||     1
  Use: Potion            |       |       |     4 ||     4
 Stab: Sleeping          |     4 |     3 |     1 ||     8
  Eat: Chunk             |     4 |     7 |     5 ||    16
       Ration            |       |       |     2 ||     2
Armor: Leather armour    |    52 |    18 |       ||    70
       Ring mail         |       |    35 |    39 ||    74
Dodge: Dodged            |   151 |   128 |   114 ||   393
